Map: Lerilak Crest

Players

LilDicky

  • Race: Terran Terran
  • League: Diamond

GLHF - Winner!

  • Race: Terran Terran
  • League: Gold

VOD

http://www.twitch.tv/tumescentpie

Description

Time

  • Played on: Dec. 20, 2015, 1:52 p.m.
  • Length: 4:05
Show
View Real Time Build Order
Export as new Build Order

LilDicky Terran 

Build Orders:  

Get SALT Encoding   

  12  0:02  SCV  
  13  0:14  SCV  
  14  0:21  Supply Depot  
  14  0:27  SCV  
  15  0:43  SCV  
  15  0:44  Barracks  
  16  0:52  Refinery  
  16  0:55  SCV  
  17  1:07  SCV  
  18  1:19  SCV  
  20  1:34  Refinery  
  20  1:36  Supply Depot, Reaper  
  20  1:39  Orbital Command  
  20  2:05  SCV  
  21  2:14  Marine  
  22  2:21  Factory  
  21  2:23  Command Center  
  21  2:24  SCV  
  22  2:32  Marine  
  22  2:36  Supply Depot  
  23  2:50  Marine  
  23  3:07  Factory Tech Lab, Starport, Marine  
  23  3:08  SCV  
  25  3:13  Supply Depot  
  25  3:20  SCV  
  25  3:25  Marine  
  27  3:32  SCV  
  28  3:43  Marine  
  28  3:44  SCV  
Show
View Real Time Build Order
Export as new Build Order

GLHF Terran - Winner!

Build Orders:  

Get SALT Encoding   

  12  0:01  SCV  
  13  0:13  SCV  
  14  0:19  Supply Depot  
  14  0:25  SCV  
  15  0:40  SCV  
  16  0:46  Barracks  
  16  0:53  SCV  
  17  1:05  SCV  
  17  1:09  Barracks  
  18  1:17  SCV  
  19  1:33  Marine  
  20  1:40  Orbital Command  
  20  1:41  Supply Depot  
  20  1:51  Marine  
  21  1:56  Marine  
  21  1:59  Command Center  
  22  2:08  SCV, Marine  
  23  2:14  Marine  
  25  2:21  Refinery  
  25  2:22  Refinery  
  25  2:26  Marine  
  26  2:32  Marine  
  26  2:33  Supply Depot  
  27  2:44  Marine  
  27  2:49  Marine  
  29  2:51  Engineering Bay  
  28  2:58  SCV  
  28  3:03  Marine  
  30  3:10  SCV  
  31  3:19  Marine  
  32  3:21  Marine  
  32  3:22  SCV  
  32  3:24  Factory  
  34  3:31  Command Center  
  34  3:35  SCV  
  35  3:44  SCV  
  35  3:47  SCV  
Tags
 
Add a new tag
Caveats
  • Supply blocks, unpowered buildings, or Contaminate may cause inaccurate times.
  • Supply counts are checked every 10 seconds.